MID
GREAT LAKES LOONS @ DAYTON DRAGONS
04/27/2044
 
TOP OF THE 1ST
Great Lakes Loons batting - Pitching for Dayton Dragons : RHP Roberto Cortez
Pitching: RHP Roberto Cortez
Batting: RHB Ken Jenkins 0-0: Called Strike
0-1: Hit by Pitch
Batting: RHB Alex Mejia 0-0: Ball
Ken Jenkins steals 2nd base (no throw)
1-0: Ground out 6-3 (Groundball, 6, EV 85.0 MPH)
Ken Jenkins to third
Batting: LHB Antonio Luis 0-0: Ground out U3 (Groundball, 34, EV 79.4 MPH)
Ken Jenkins scores
Batting: RHB Mike Sims 0-0: Called Strike
0-1: Ball
1-1: Ball
2-1: Swinging Strike
2-2: Strikes out swinging
Top of the 1st over - 1 run, 0 hits, 0 errors, 0 left on base; Great Lakes 1 - Dayton 0
BOTTOM OF THE 1ST
Dayton Dragons batting - Pitching for Great Lakes Loons : RHP Adonis Loyd
Pitching: RHP Adonis Loyd
Batting: LHB Nick Nino 0-0: Called Strike
0-1: Called Strike
0-2: Ball
1-2: Foul Ball, location: 2F
1-2: Ground out U3 (Groundball, 3, EV 101.9 MPH)
Batting: LHB Leo Gomez 0-0: SINGLE (Groundball, 3S, EV 70.0 MPH) (infield hit)
Batting: LHB Andy Schumacher 0-0: Ball
1-0: Called Strike
1-1: Called Strike
Leo Gomez steals 2nd base
1-2: Ball
2-2: Ball
3-2: Base on Balls
Batting: LHB Chris Grunwald 0-0: Ball
1-0: Ball
2-0: Called Strike
Leo Gomez steals 3rd base (no throw)
2-1: Ball
3-1: Swinging Strike
3-2: Fly out, F5 (Popup, 5, EV 74.4 MPH)
Batting: SHB Kristian Kristensen 0-0: Swinging Strike
0-1: Ball
1-1: Foul Ball, location: 2F
1-2: Ball
2-2: Ball
3-2: Fly out, F8 (Flyball, 8RS, EV 90.0 MPH)
Bottom of the 1st over - 0 runs, 1 hit, 0 errors, 2 left on base; Great Lakes 1 - Dayton 0
TOP OF THE 2ND
Great Lakes Loons batting - Pitching for Dayton Dragons : RHP Roberto Cortez
Batting: LHB Jim Chalk 0-0: Ball
1-0: Ball
2-0: Fly out, F8 (Flyball, 78D, EV 94.4 MPH)
Batting: LHB Alberto Chavez 0-0: Ball
1-0: Ball
2-0: Called Strike
2-1: Fly out, F7 (Flyball, 7S, EV 86.3 MPH)
Batting: RHB Phil Knox 0-0: Ball
1-0: Called Strike
1-1: SINGLE (Flyball, 3D, EV 96.3 MPH)
Batting: RHB Josh Kimbrell 0-0: Ball
Phil Knox is caught stealing 2nd base 2-4
Top of the 2nd over - 0 runs, 1 hit, 0 errors, 0 left on base; Great Lakes 1 - Dayton 0
BOTTOM OF THE 2ND
Dayton Dragons batting - Pitching for Great Lakes Loons : RHP Adonis Loyd
Batting: RHB Bruno André 0-0: Foul Ball, location: 2F
0-1: Ball
1-1: Foul Ball, location: 2F
1-2: Fly out, F9 (Flyball, 9, EV 93.8 MPH)
Batting: RHB John Galluzzo 0-0: Swinging Strike
0-1: Ball
1-1: Ball
2-1: Foul Ball, location: 2F
2-2: Foul Ball, location: 2F
2-2: DOUBLE (Line Drive, 3D, EV 94.4 MPH)
Batting: RHB Jonathan Davis 0-0: Ball
1-0: Fly out, F7 (Flyball, 7S, EV 87.5 MPH)
Batting: RHB Frank Moron 0-0: Foul Ball, location: 2F
0-1: Ball
1-1: Called Strike
1-2: Foul Ball, location: 2F
1-2: Ball
2-2: Ball
3-2: SINGLE (Groundball, 6S, EV 98.1 MPH)
John Galluzzo to third
Runner from 3rd tries for Home, SAFE, throw by LF to home
Batting: LHB Nick Nino 0-0: Ground out 4-3 (Groundball, 4, EV 96.9 MPH)
Bottom of the 2nd over - 1 run, 2 hits, 0 errors, 1 left on base; Great Lakes 1 - Dayton 1
TOP OF THE 3RD
Great Lakes Loons batting - Pitching for Dayton Dragons : RHP Roberto Cortez
Batting: RHB Josh Kimbrell 0-0: Foul Ball, location: 2F
0-1: Swinging Strike
0-2: Ball
1-2: Strikes out swinging
Batting: RHB Santos Guadalupe 0-0: Foul Ball, location: 2F
0-1: Called Strike
0-2: Ball
1-2: Ball
2-2: Foul Ball, location: 2F
2-2: Foul Ball, location: 2F
2-2: Foul Ball, location: 2F
2-2: Ball
3-2: Foul Ball, location: 2F
3-2: Base on Balls
Batting: RHB Ken Jenkins 0-0: Called Strike
0-1: Ball
1-1: Ball
Santos Guadalupe steals 2nd base
2-1: Fly out, F7 (Flyball, 7, EV 88.1 MPH)
Batting: RHB Alex Mejia 0-0: Ball
1-0: Ball
2-0: Ball
3-0: Called Strike
3-1: Base on Balls
Batting: LHB Antonio Luis 0-0: Foul Ball, location: 2F
0-1: Ball
1-1: Swinging Strike
1-2: SINGLE (Groundball, 34D, EV 103.8 MPH)
Santos Guadalupe to third
Alex Mejia to second
Runner from 3rd tries for Home, SAFE, throw by RF to home
Batting: RHB Mike Sims 0-0: Ball
1-0: Called Strike
1-1: Foul Ball, location: 2F
1-2: Ball
2-2: Foul Ball, location: 2F
2-2: Strikes out swinging
Top of the 3rd over - 1 run, 1 hit, 0 errors, 2 left on base; Great Lakes 2 - Dayton 1
BOTTOM OF THE 3RD
Dayton Dragons batting - Pitching for Great Lakes Loons : RHP Adonis Loyd
Batting: LHB Leo Gomez 0-0: Ball
1-0: Ball
2-0: Ball
3-0: Called Strike
3-1: Base on Balls
Batting: LHB Andy Schumacher 0-0: Ball
1-0: Foul Ball, location: 2F
1-1: Fielders Choice at 2nd, 4-6 (Groundball, 4M, EV 96.3 MPH)
Batting: LHB Chris Grunwald 0-0: Ball
1-0: Called Strike
1-1: Ball
2-1: Ball
3-1: Base on Balls
Andy Schumacher to second
Batting: SHB Kristian Kristensen 0-0: Foul Ball, location: 2F
0-1: Foul Ball, location: 2F
0-2: Ball
1-2: Ball
2-2: Fielders Choice at 2nd, 6-4 (Groundball, 56D, EV 88.1 MPH)
Andy Schumacher to third
Batting: RHB Bruno André 0-0: Ball
Pickoff Throw to First - Error! E1
Andy Schumacher scores
Kristian Kristensen to second
1-0: Ball
2-0: Ball
3-0: Base on Balls
Batting: RHB John Galluzzo 0-0: Fielders Choice at 2nd, 6-4 (Groundball, 6, EV 90.0 MPH)
Bottom of the 3rd over - 1 run, 0 hits, 1 error, 2 left on base; Great Lakes 2 - Dayton 2
TOP OF THE 4TH
Great Lakes Loons batting - Pitching for Dayton Dragons : RHP Roberto Cortez
Batting: LHB Jim Chalk 0-0: SINGLE (Groundball, 6MD, EV 100.6 MPH)
Batting: LHB Alberto Chavez 0-0: Called Strike
0-1: Swinging Strike
0-2: Strikes out swinging
Batting: RHB Phil Knox 0-0: Ball
1-0: Ball
2-0: Called Strike
2-1: Foul Ball, location: 2F
2-2: Hit by Pitch
Jim Chalk to second
Batting: RHB Josh Kimbrell 0-0: Called Strike
0-1: Fly out, F8 (Flyball, 8RM, EV 83.1 MPH)
Batting: RHB Santos Guadalupe 0-0: Called Strike
0-1: Foul Ball, location: 2F
0-2: Ball
1-2: Ball
2-2: Foul Ball, location: 2F
2-2: Ball
3-2: Fly out, F7 (Flyball, 7S, EV 96.3 MPH)
Top of the 4th over - 0 runs, 1 hit, 0 errors, 2 left on base; Great Lakes 2 - Dayton 2
BOTTOM OF THE 4TH
Dayton Dragons batting - Pitching for Great Lakes Loons : RHP Adonis Loyd
Batting: RHB Jonathan Davis 0-0: Ground out U3 (Groundball, 34, EV 96.9 MPH)
Batting: RHB Frank Moron 0-0: Foul Ball, location: 2F
0-1: Ball
1-1: Ball
2-1: Foul Ball, location: 2F
2-2: Ball
3-2: Base on Balls
Batting: LHB Nick Nino 0-0: Ball
1-0: Ball
2-0: SINGLE (Line Drive, 8RS, EV 110.6 MPH)
Frank Moron to second
Batting: LHB Leo Gomez 0-0: Ball
1-0: Called Strike
1-1: Called Strike
1-2: Ball
2-2: Fielders Choice at 2nd, 5-4 (Groundball, 56, EV 101.9 MPH)
Frank Moron to third
Batting: LHB Andy Schumacher 0-0: Ball
1-0: Fly out, F5 (Popup, 56, EV 74.4 MPH)
Bottom of the 4th over - 0 runs, 1 hit, 0 errors, 2 left on base; Great Lakes 2 - Dayton 2
TOP OF THE 5TH
Great Lakes Loons batting - Pitching for Dayton Dragons : RHP Roberto Cortez
Batting: RHB Ken Jenkins 0-0: Ball
1-0: Ball
2-0: Swinging Strike
2-1: Swinging Strike
2-2: Strikes out swinging
Batting: RHB Alex Mejia 0-0: Ball
1-0: Called Strike
1-1: Called Strike
1-2: Fly out, F9 (Flyball, 9, EV 88.1 MPH)
Batting: LHB Antonio Luis 0-0: Called Strike
0-1: Ball
1-1: Foul Ball, location: 2F
1-2: Fly out, F4 (Line Drive, 4, EV 68.1 MPH)
Top of the 5th over - 0 runs, 0 hits, 0 errors, 0 left on base; Great Lakes 2 - Dayton 2
BOTTOM OF THE 5TH
Dayton Dragons batting - Pitching for Great Lakes Loons : RHP Adonis Loyd
Batting: LHB Chris Grunwald 0-0: Ball
1-0: Ball
2-0: Called Strike
2-1: Foul Ball, location: 2F
2-2: Foul Ball, location: 2F
2-2: Fly out, F7 (Flyball, 7, EV 90.6 MPH)
Pitching: RHP Servaas Morrow
Batting: SHB Kristian Kristensen 0-0: Called Strike
0-1: Called Strike
0-2: Ball
1-2: Strikes out looking
Batting: RHB Bruno André 0-0: Ball
1-0: Ball
2-0: Ball
3-0: Called Strike
3-1: SINGLE (Groundball, 56D, EV 97.5 MPH)
Batting: RHB John Galluzzo 0-0: Ball
Bruno André steals 2nd base
1-0: Intentional Walk
Batting: RHB Jonathan Davis 0-0: Called Strike
0-1: SINGLE (Line Drive, 8LM, EV 95.0 MPH)
Bruno André to third
John Galluzzo to second
Pinch Hitting: LHB Andrew Hamm 0-0: Swinging Strike
0-1: Swinging Strike
0-2: Ball
1-2: Foul Ball, location: 2F
1-2: Foul Ball, location: 2F
1-2: Ball
2-2: Ball
3-2: Base on Balls
Bruno André scores
John Galluzzo to third
Jonathan Davis to second
Batting: LHB Nick Nino 0-0: Ground out 4-3 (Groundball, 4, EV 106.9 MPH)
Bottom of the 5th over - 1 run, 2 hits, 0 errors, 3 left on base; Great Lakes 2 - Dayton 3
TOP OF THE 6TH
Great Lakes Loons batting - Pitching for Dayton Dragons : RHP Roberto Cortez
Now at 3B: Travis Petrick
Batting: RHB Mike Sims 0-0: Ball
1-0: Ball
2-0: Ground out 5-3 (Groundball, 56S, EV 87.5 MPH)
Batting: LHB Jim Chalk 0-0: DOUBLE (Groundball, 3L, EV 96.9 MPH)
Batting: LHB Alberto Chavez 0-0: Ball
1-0: SINGLE (Groundball, 4M, EV 98.1 MPH) (infield hit)
Jim Chalk to third
Batting: RHB Phil Knox 0-0: Called Strike
0-1: Foul Ball, location: 2F
0-2: Ball
1-2: Strikes out swinging
Batting: RHB Josh Kimbrell 0-0: Ball
1-0: Ball
2-0: SINGLE (Groundball, 6MD, EV 104.4 MPH)
Jim Chalk scores
Alberto Chavez to second
Pitching: RHP Doug Elliott
Batting: RHB Santos Guadalupe 0-0: Called Strike
0-1: Ball
1-1: Called Strike
1-2: Ball
2-2: SINGLE (Groundball, 34D, EV 98.8 MPH)
Alberto Chavez to third
Josh Kimbrell to second
Batting: RHB Ken Jenkins 0-0: Called Strike
0-1: Ball
1-1: Foul Ball, location: 2F
1-2: Ground out 2-3 (Groundball, 2R, EV 73.1 MPH)
Top of the 6th over - 1 run, 4 hits, 0 errors, 3 left on base; Great Lakes 3 - Dayton 3
BOTTOM OF THE 6TH
Dayton Dragons batting - Pitching for Great Lakes Loons : RHP Servaas Morrow
Batting: LHB Leo Gomez 0-0: Called Strike
0-1: Ball
1-1: Ball
2-1: Ball
3-1: Swinging Strike
3-2: Foul Ball, location: 2F
3-2: Base on Balls
Batting: LHB Andy Schumacher 0-0: Ball
Leo Gomez steals 2nd base
1-0: Swinging Strike
1-1: Foul Ball, location: 2F
1-2: Foul Ball, location: 2F
1-2: Ball
2-2: Ball
3-2: SINGLE (Groundball, 56D, EV 109.4 MPH)
Leo Gomez to third
Runner from 3rd tries for Home, SAFE, throw by LF to home
Batting: LHB Chris Grunwald 0-0: Called Strike
0-1: Ball
1-1: Foul Ball, location: 2F
1-2: Ball
Wild Pitch!
Andy Schumacher to second
2-2: Ball
3-2: Intentional Walk
Batting: SHB Kristian Kristensen 0-0: Foul Ball, location: 2F
0-1: Swinging Strike
Passed Ball!
Andy Schumacher to third
Chris Grunwald to second
0-2: Strikes out swinging
Batting: RHB Bruno André 0-0: Ball
1-0: Foul Ball, location: 2F
1-1: Foul Ball, location: 2F
1-2: Foul Ball, location: 2F
1-2: SINGLE (Flyball, 89M, EV 91.9 MPH)
Andy Schumacher scores
Chris Grunwald to third
Runner from 3rd tries for Home, throw by RF and OUT! 9-2
Bruno André to second
Batting: RHB John Galluzzo 0-0: Intentional Walk
Pitching: RHP Santiago Montero
Batting: RHB Jonathan Davis 0-0: Called Strike
0-1: Ball
1-1: Swinging Strike
1-2: Strikes out swinging
Bottom of the 6th over - 2 runs, 2 hits, 0 errors, 2 left on base; Great Lakes 3 - Dayton 5
TOP OF THE 7TH
Great Lakes Loons batting - Pitching for Dayton Dragons : RHP Doug Elliott
Pitching: RHP Justin Ambrose
Batting: RHB Alex Mejia 0-0: Swinging Strike
0-1: DOUBLE (Groundball, 5L, EV 103.1 MPH)
Batting: LHB Antonio Luis 0-0: Called Strike
0-1: Ball
Alex Mejia steals 3rd, throwing error, E2
Alex Mejia scores
1-1: Ground out 5-3 (Groundball, 56, EV 85.0 MPH)
Batting: RHB Mike Sims 0-0: Called Strike
0-1: Swinging Strike
0-2: Foul Ball, location: 2F
0-2: Strikes out swinging
Batting: LHB Jim Chalk 0-0: Reached on error, E7 (Flyball, 7LM, EV 80.0 MPH)
Batting: LHB Alberto Chavez 0-0: Swinging Strike
0-1: Ball
1-1: Ball
2-1: Ball
3-1: Base on Balls
Pinch Hitting: LHB Chris Barrera 0-0: SINGLE (Line Drive, 78M, EV 101.9 MPH)
Jim Chalk to third
Alberto Chavez to second
Batting: RHB Josh Kimbrell 0-0: Ball
1-0: Foul Ball, location: 2F
1-1: Ball
2-1: SINGLE (Groundball, 34D, EV 110.0 MPH)
Jim Chalk scores
Alberto Chavez to third
Chris Barrera to second
Runner from 3rd tries for Home, SAFE, throw by RF to home
Chris Barrera to third
Josh Kimbrell to second
Pitching: RHP Stacey Kerssies
Batting: RHB Santos Guadalupe 0-0: Ball
1-0: Ball
2-0: Called Strike
2-1: Fly out, F7 (Flyball, 7, EV 92.5 MPH)
Top of the 7th over - 3 runs, 3 hits, 2 errors, 2 left on base; Great Lakes 6 - Dayton 5
BOTTOM OF THE 7TH
Dayton Dragons batting - Pitching for Great Lakes Loons : RHP Santiago Montero
Now at 2B: Ashton Crenshaw
Batting: RHB Travis Petrick 0-0: Called Strike
0-1: Called Strike
0-2: Foul Ball, location: 2F
0-2: Ball
1-2: Strikes out swinging
Batting: LHB Nick Nino 0-0: Called Strike
0-1: Ball
1-1: Called Strike
1-2: Ball
2-2: DOUBLE (Line Drive, 9LS, EV 99.4 MPH)
Batting: LHB Leo Gomez 0-0: Ball
Nick Nino steals 3rd base (no throw)
1-0: Called Strike
1-1: Ball
2-1: Ball
3-1: Foul Ball, location: 2F
3-2: Strikes out looking
Batting: LHB Andy Schumacher 0-0: Called Strike
0-1: Ball
1-1: Foul Ball, location: 2F
1-2: Ball
2-2: Fly out, F4 (Popup, 3D, EV 66.3 MPH)
Bottom of the 7th over - 0 runs, 1 hit, 0 errors, 1 left on base; Great Lakes 6 - Dayton 5
TOP OF THE 8TH
Great Lakes Loons batting - Pitching for Dayton Dragons : RHP Stacey Kerssies
Batting: RHB Ken Jenkins 0-0: Ball
1-0: Called Strike
1-1: SINGLE (Groundball, 34D, EV 100.6 MPH)
Batting: RHB Alex Mejia 0-0: Fly out, F9 (Flyball, 9LM, EV 83.1 MPH)
Batting: LHB Antonio Luis 0-0: Ball
Ken Jenkins steals 2nd, throwing error, E2
Ken Jenkins to third
1-0: Swinging Strike
1-1: SINGLE (Groundball, 34, EV 95.6 MPH)
Ken Jenkins scores
Batting: RHB Mike Sims 0-0: Swinging Strike
0-1: Ball
1-1: Swinging Strike
1-2: Strikes out swinging
Batting: LHB Jim Chalk 0-0: Called Strike
Antonio Luis steals 2nd base
0-1: Called Strike
0-2: Ball
1-2: Ground out 6-3 (Groundball, 6, EV 90.6 MPH)
Top of the 8th over - 1 run, 2 hits, 1 error, 1 left on base; Great Lakes 7 - Dayton 5
BOTTOM OF THE 8TH
Dayton Dragons batting - Pitching for Great Lakes Loons : RHP Santiago Montero
Pitching: RHP Mark McDonald
Batting: LHB Chris Grunwald 0-0: Called Strike
0-1: Ground out 4-3 (Groundball, 4S, EV 78.1 MPH)
Batting: SHB Kristian Kristensen 0-0: Ball
1-0: Ball
2-0: Ball
3-0: Called Strike
3-1: Base on Balls
Pinch Hitting: LHB Matt Kennedy 0-0: Ball
1-0: Ball
2-0: Called Strike
2-1: Called Strike
2-2: Strikes out swinging
Batting: RHB John Galluzzo 0-0: Foul Ball, location: 2F
0-1: Swinging Strike
0-2: 2-RUN HOME RUN (Flyball, 89XD, EV 97.5 MPH), Distance : 382 ft
Batting: RHB Jonathan Davis 0-0: Called Strike
0-1: Called Strike
0-2: Fly out, F7 (Flyball, 7S, EV 83.1 MPH)
Bottom of the 8th over - 2 runs, 1 hit, 0 errors, 0 left on base; Great Lakes 7 - Dayton 7
TOP OF THE 9TH
Great Lakes Loons batting - Pitching for Dayton Dragons : RHP Stacey Kerssies
Now in LF: Matt Kennedy
Batting: LHB Alberto Chavez 0-0: Called Strike
0-1: Ball
1-1: Ball
2-1: Foul Ball, location: 2F
2-2: Strikes out swinging
Batting: RHB Ashton Crenshaw 0-0: Ball
1-0: DOUBLE (Groundball, 5L, EV 105.0 MPH)
Batting: RHB Josh Kimbrell 0-0: Ball
1-0: Ball
2-0: Ball
3-0: Base on Balls
Batting: RHB Santos Guadalupe 0-0: Called Strike
0-1: Ball
1-1: Swinging Strike
1-2: Strikes out swinging
Batting: RHB Ken Jenkins 0-0: Ball
1-0: Foul Ball, location: 2F
1-1: Called Strike
1-2: SINGLE (Groundball, 4MD, EV 98.8 MPH)
Ashton Crenshaw to third
Josh Kimbrell to second
Batting: RHB Alex Mejia 0-0: Ground out 5-3 (Groundball, 15, EV 85.6 MPH)
Top of the 9th over - 0 runs, 2 hits, 0 errors, 3 left on base; Great Lakes 7 - Dayton 7
BOTTOM OF THE 9TH
Dayton Dragons batting - Pitching for Great Lakes Loons : RHP Mark McDonald
Pitching: RHP Yuichi Nozawa
Batting: RHB Travis Petrick 0-0: SINGLE (Groundball, 6MD, EV 100.0 MPH)
Batting: LHB Nick Nino 0-0: Bunted foul
0-1: Bunted foul
0-2: SINGLE (Line Drive, 6M, EV 98.1 MPH)
Travis Petrick to second
Batting: LHB Leo Gomez 0-0: Ball
1-0: Ball
2-0: Fielders Choice at 2nd, 4-6 (Groundball, 4, EV 83.1 MPH)
Travis Petrick to third
Batting: LHB Andy Schumacher 0-0: Called Strike
Leo Gomez steals 2nd base (no throw)
0-1: Ball
1-1: Swinging Strike
1-2: Ball
2-2: Foul Ball, location: 2F
2-2: Foul Ball, location: 2F
2-2: Foul Ball, location: 2F
2-2: Ball
3-2: SINGLE (Groundball, 6M, EV 98.1 MPH)
Travis Petrick scores
Bottom of the 9th over - 1 run, 3 hits, 0 errors, 0 left on base; Great Lakes 7 - Dayton 8
Game Over ... Dayton defeats Great Lakes, 8 to 7
Thursday, March 31st , 2022 - OOTP Baseball 22.12 Build 89